 Seeded DCSS version 0.30-a0-165-g1891117ce2 (webtiles) character file.

Game seed: 1824756485244309546 (custom seed)

592 NinjaNoafa the Conjurer (level 7, -3/52 HPs)
             Began as a Barachi Reaver on Sept 28, 2022.
             Slain by a killer bee zombie (4 damage)
             ... in an ossuary.
             The game lasted 00:09:42 (4276 turns).

NinjaNoafa the Conjurer (Barachi Reaver)            Turns: 4276, Time: 00:09:43

Health: -3/52      AC:  3    Str: 20    XL:     7   Next: 39%
Magic:  11/11      EV: 12    Int: 15    God:
Gold:   71         SH:  0    Dex: 16    Spells: 11/12 levels left

rFire   . . .      SeeInvis .    q - +0 falchion (elec)
rCold   . . .      Faith    .    (no shield)
rNeg    . . .      Spirit   .    b - +0 leather armour
rPois   .          Reflect  .    (no helmet)
rElec   .          Harm     .    (no cloak)
rCorr   .          Rampage  .    (no gloves)
Will    .....                    (no boots)
Stlth   +.........               (no amulet)
HPRegen 0.17/turn                c - +6 ring of dexterity
MPRegen 0.12/turn                j - +6 ring of strength

@: mighty, slow
A: amphibious, slowness 1, strong legs 1, +LOS
a: Hop


You were in an ossuary.
You visited 1 branch of the dungeon, and saw 4 of its levels.
You also visited: Ossuary.

You collected 214 gold pieces.
You spent 143 gold pieces at shops.

Inventory:

Hand Weapons
 q - a +0 falchion of electrocution (weapon)
Missiles
 f - 28 stones
Armour
 b - a +0 leather armour (worn)
Jewellery
 c - a +6 ring of dexterity (left hand)
 j - a +6 ring of strength (right hand)
 s - a ring of positive energy
Wands
 t - a wand of charming (4)
Scrolls
 d - a scroll of amnesia {unknown}
 g - a scroll of butterflies {unknown}
 k - a scroll of vulnerability
 m - a scroll of immolation {unknown}
 n - a scroll of identify {unknown}
 p - a scroll of noise {unknown}
 u - a scroll of magic mapping {unknown}
Potions
 o - a potion of might
 r - a potion of magic


   Skills:
 - Level 3.0 Fighting
 + Level 4.7 Long Blades
 - Level 3.0 Dodging
 - Level 3.0 Spellcasting
 - Level 5.0 Conjurations
 - Level 3.0 Necromancy
 - Level 3.0 Translocations
 - Level 3.0 Air Magic


You had 11 spell levels left.
You knew the following spells:

 Your Spells              Type           Power      Damage    Failure   Level
a - Kiss of Death         Conj/Necr      56%        2d9       4%          1

Your spell library contained the following spells:

 Spells                   Type           Power      Damage    Failure   Level
 Shock                    Conj/Air       56%        1d6       4%          1
 Momentum Strike          Conj/Tloc      28%        3d8       7%          2
 Swiftness                Air            11%        N/A       21%         3
 Hailstorm                Conj/Ice       9%         3d4       26%         3
 Airstrike                Air            5%         2d(1-17)  56%         4


Dungeon Overview and Level Annotations

Branches:
Dungeon (4/15)            Ossuary (1/1)
 Temple: D:4-7

Altars:

Shops:
D:3 !   D:4 :

Annotations:
D:4 Darkkill's ghost, novice TrAr


Innate Abilities, Weirdness & Mutations

You are amphibious.
You cover ground slowly.
You can hop short distances.
You have an extended range of vision and can be seen from far away.


Message History

The howler monkey zombie is moderately damaged.
The howler monkey zombie hits you but does no damage.
A mummy comes into view.
You closely miss the howler monkey zombie.
The howler monkey zombie is moderately damaged.
The killer bee zombie hits you.
* * * LOW HITPOINT WARNING * * *
The howler monkey zombie barely misses you.
The killer bee zombie hits you but does no damage.
A mummy comes into view.
As you read the scroll labelled MIRAGA UHITAM, it crumbles to dust.
It is a scroll of brand weapon.
Your +0 falchion of protection crackles with electricity.
q - a +0 falchion of electrocution (weapon)
The killer bee zombie hits you.
* * * LOW HITPOINT WARNING * * *
The howler monkey zombie hits you.
* * * LOW HITPOINT WARNING * * *
The killer bee zombie closely misses you.
The killer bee zombie hits you but does no damage.
The howler monkey zombie barely misses you.
The killer bee zombie hits you but does no damage.
The howler monkey zombie attacks as you move away!
The howler monkey zombie hits you but does no damage.
The killer bee zombie hits you.
* * * LOW HITPOINT WARNING * * *
The killer bee zombie barely misses you.
The killer bee zombie attacks as you move away!
The killer bee zombie hits you.
* * * LOW HITPOINT WARNING * * *
The killer bee zombie hits you.
* * * LOW HITPOINT WARNING * * *
The killer bee zombie attacks as you move away!
The killer bee zombie closely misses you. x2
The killer bee zombie hits you.
* * * LOW HITPOINT WARNING * * *
The killer bee zombie closely misses you.
There is a gate leading back out of this place here.
The killer bee zombie hits you.
You die...

##### #@..# #
#Z∩.# ###
#.#Z..#~MP
##'##'##Z##~###
~M..~.~.~~~~~P#
#'#+#+#Z~~~.#≈≈#
#P#P~.#.≈.#
#≈~~~~~#~≈#
#≈~#≈####≈≈#


You could see a water moccasin zombie, a killer bee zombie and a howler monkey
zombie.

Vanquished Creatures
  Sigmund (D:3)
  A phantom (D:3)
  A wyvern zombie (Ossuary)
  3 bullfrog zombies (Ossuary)
  3 mummies (Ossuary)
  Terence (D:2)
  A killer bee zombie (Ossuary)
  2 adders
  5 dart slugs
  11 ball pythons
  A bat (D:2)
  6 endoplasms
  3 giant cockroaches
  9 goblins
  7 hobgoblins
  2 jackals (D:3)
  2 quokkas
  3 frilled lizards
  8 kobolds
  7 rats
77 creatures vanquished.

Vanquished Creatures (others)
  4 toadstools (D:1)
  7 withered plants (Ossuary)
11 creatures vanquished.

Grand Total: 88 creatures vanquished

Notes
Turn   | Place    | Note
-------+----------+-------------------------------------------
     0 | D:1      | NinjaNoafa the Barachi Reaver began the quest for the Orb.
     0 | D:1      | Reached XP level 1. HP: 17/17 MP: 3/3
   135 | D:1      | Reached XP level 2. HP: 9/22 MP: 5/5
   695 | D:1      | Reached XP level 3. HP: 25/29 MP: 7/7
   893 | D:1      | Found a faded altar of an unknown god.
  1191 | D:1      | Reached skill level 4 in Conjurations
  2069 | D:2      | Reached XP level 4. HP: 33/35 MP: 8/8
  2178 | D:2      | Noticed Terence
  2203 | D:2      | Killed Terence
  2460 | D:2      | Reached skill level 5 in Conjurations
  2780 | D:3      | Found Mirarojy's Distillery.
  2905 | D:3      | Bought a potion of heal wounds for 55 gold pieces
  2905 | D:3      | Bought a potion of magic for 88 gold pieces
  3098 | D:3      | Reached skill level 1 in Necromancy
  3450 | D:3      | Reached XP level 5. HP: 35/38 MP: 9/9
  3506 | D:3      | Noticed a phantom
  3546 | D:3      | Killed a phantom
  3697 | D:3      | Noticed Sigmund
  3707 | D:3      | Killed Sigmund
  3708 | D:3      | Reached skill level 1 in Translocations
  3708 | D:3      | Reached XP level 6. HP: 39/47 MP: 8/10
  3893 | D:4      | Noticed Darkkill's ghost (novice TrAr)
  3908 | D:4      | Found Haczin's Book Boutique.
  4177 | D:4      | Found a sand-covered staircase.
  4184 | Ossuary  | Entered an ossuary
  4230 | Ossuary  | HP: 2/47 [wyvern zombie (3)]
  4245 | Ossuary  | Reached XP level 7. HP: 36/52 MP: 11/11
  4273 | Ossuary  | HP: 2/52 [killer bee zombie (2)]
  4276 | Ossuary  | Slain by a killer bee zombie

Illustrated notes

Levels and vault maps discovered:
D:1:      minmay_arrival_five_plusses, layout_basic,
          chequers_ecumenical_altar_simple_redux, minmay_gold_behind_fungi,
          st_stairs_11, chequers_serial_rivers_marsh, minmay_tetromino_t2
D:2:      layout_basic, uniq_terence
D:3:      layout_rooms, serial_shops, shop, uniq_sigmund
D:4:      layout_cave_pools, serial_shops, shop, enter_ossuary_4,
          gammafunk_ghost_arena, uniq_blork_the_orc
Ossuary:  ossuary_zaba_flooded

Skill      XL: |  1  2  3  4  5  6  7 |
---------------+----------------------+-----
Fighting       | 3 |  3.0
Conjurations   | 4 5 |  5.0
Spellcasting   | 3 |  3.0
Necromancy     | 1 3 |  3.0
Air Magic      | 3 |  3.0
Translocations | 1 3 |  3.0
Long Blades    | 4 |  4.7
Dodging        | 3 |  3.0

Action                   |  1- 3 |  4- 6 |  7- 9 || total
-------------------------+-------+-------+-------++-------
Melee: Short sword       |    98 |    22 |       ||   120
       Falchion          |     5 |   140 |    24 ||   169
       Punch             |       |     1 |       ||     1
Throw: Stone             |     4 |       |       ||     4
 Cast: Kiss of Death     |     1 |     3 |       ||     4
 Abil: Hop               |     5 |     2 |       ||     7
  Use: Scroll            |       |     3 |     1 ||     4
       Potion            |       |     5 |       ||     5
 Stab: Sleeping          |     2 |       |       ||     2
Armor: Leather armour    |    23 |    60 |    21 ||   104
Dodge: Dodged            |    89 |   120 |    29 ||   238

Table legend: (Time is in decaauts)
 A = Elapsed time spent in this place.
 B = Non-inter-level travel time spent in this place.
 C = Inter-level travel time spent in this place.
 D = Time resting spent in this place.
 E = Time spent auto-exploring this place.
 F = Levels seen in this place.
 G = Mean time per level.
                   A        B        C        D        E       F      G
               +--------+--------+--------+--------+--------+-----+--------+
         Total |   4604 |   4455 |    149 |      0 |   3648 |   5 |  920.8 |
       Dungeon |   4504 |   4355 |    149 |      0 |   3632 |   4 | 1126.0 |
       Ossuary |    100 |    100 |      0 |      0 |     16 |   1 |  100.0 |
               +--------+--------+--------+--------+--------+-----+--------+

Top non-repeatable levels by time:
     D:2: 1524 daAuts
     D:1: 1455 daAuts
     D:3: 1429 daAuts
 Ossuary: 100 daAuts
     D:4: 94 daAuts
